 Dungeon Crawl Stone Soup version 0.31-a0-844-gdc52ec4e09 (webtiles) character file.

Game seed: 6125224502311151935

5870 Dittersdorf the Fighter (level 10, -12/66 HPs)
             Began as a Gargoyle Fighter on Sept 28, 2023.
             Was an Elder of Okawaru.
             Mangled by a two-headed ogre
             ... wielding a +0 giant club
              (13 damage)
             ... on level 5 of the Dungeon.
             The game lasted 00:12:16 (8830 turns).

Dittersdorf the Fighter (Gargoyle Fighter)          Turns: 8830, Time: 00:12:17

Health: -12/66     AC: 39    Str: 23    XL:     10   Next: 81%
Magic:  8/10       EV: 10    Int: 10    God:    Okawaru [****..]
Gold:   342        SH:  7    Dex:  9    Spells: 9/9 levels left

rFire   . . .        y - +0 flail (protect)
rCold   . . .        c - +0 buckler
rNeg    + . .        f - +0 chain mail
rPois   ∞            (no helmet)
rElec   +            k - +1 cloak
rCorr   .            B - +0 pair of gloves
SInv    .            q - +2 pair of boots
Will    .....        (no amulet) Stlth
                     u - +4 ring of protection
HPRegen 0.31/turn    o - +4 ring of slaying
MPRegen 0.12/turn

%: no passive effects
@: heroic, under a protective aura
A: sickness immunity, AC +7, negative energy resistance 1, electricity
resistance, torment resistance 1, petrification resistance
a: Renounce Religion, Heroism, Finesse


You were on level 5 of the Dungeon.
You worshipped Okawaru.
Okawaru was greatly pleased with you.
You visited 2 branches of the dungeon, and saw 9 of its levels.

You collected 342 gold pieces.

Inventory:

Hand Weapons
 a - a +0 flail
 y - a +0 flail of protection (weapon)
Missiles
 b - a throwing net
Armour
 c - a +0 buckler (worn)
 f - a +0 chain mail (worn)
 k - a +1 cloak (worn)
 q - a +2 pair of boots (worn)
 B - a +0 pair of gloves (worn)
Jewellery
 j - a ring of wizardry
 o - a +4 ring of slaying (right hand)
 p - a ring of ice
 u - a +4 ring of protection (left hand)
Wands
 w - a wand of acid (3) (quivered)
Scrolls
 e - a scroll of immolation {unknown}
 g - a scroll of teleportation
Potions
 d - 3 potions of might
 h - 5 potions of curing {unknown}
 i - 6 potions of heal wounds {unknown}
 l - a potion of ambrosia {unknown}
 m - a potion of degeneration {unknown}
 n - a potion of cancellation {unknown}
 r - a potion of resistance {unknown}
 s - a potion of brilliance {unknown}
 t - a potion of mutation
 v - a potion of haste {unknown}
 D - a potion of enlightenment


   Skills:
 + Level 9.4(14.4) Fighting
 + Level 8.2(13.2) Maces & Flails
 + Level 9.3(14.3) Armour
 + Level 9.3(14.3) Shields


You had 9 spell levels left.
You didn't know any spells.
Your spell library contained the following spells:

 Spells                   Type           Power      Damage    Failure   Level
 Magic Dart               Conj           0%         1d3       83%         1
 Shock                    Conj/Air       0%         1d3       83%         1
 Sting                    Tmut/Pois      0%         1d3       83%         1
 Poisonous Vapours        Pois/Air       0%         N/A       93%         2
 Mephitic Cloud           Conj/Pois/Air  0%         N/A       99%         3
 Swiftness                Air            0%         N/A       99%         3
 Airstrike                Air            0%         2d(0-16)  100%        4
 Olgreb's Toxic Radiance  Pois           0%         N/A       100%        4
 Summon Small Mammal      Summ           Unusable   N/A       N/A         1
 Call Imp                 Summ           Unusable   N/A       N/A         2
 Call Canine Familiar     Summ           Unusable   N/A       N/A         3
 Summon Guardian Golem    Hex/Summ       Unusable   N/A       N/A         3

Dungeon Overview and Level Annotations

Branches:
Dungeon (8/15)             Temple (1/1) D:4
   Lair: D:8-11

Altars:
Ashenzari
Dithmenos
Elyvilon
Fedhas
Gozag
Hepliaklqana
Kikubaaqudgha
Makhleb
Nemelex Xobeh
Okawaru
Qazlal
Ru
Sif Muna
Trog
Uskayaw
Vehumet
Wu Jian
Xom
Yredelemnul
Zin
The Shining One

Shops:
D:1 *

Annotations:
D:8 1 runed translucent door


Innate Abilities, Weirdness & Mutations

You are immune to sickness and miasma.
Your stone body is resilient. (AC +7)
You are immune to poison.
You resist negative energy. (rN+)
You are resistant to electric shocks. (rElec)
You are resistant to unholy torment.
You are immune to petrification.


Message History

The two-headed ogre closely misses you. You block the two-headed ogre's attack.
You hit the yak but do no damage.
Your weapon exudes an aura of protection.
The yak gores you but does no damage.
You sock the yak!
The yak is moderately wounded.
The two-headed ogre hits you with a +0 giant club!
The two-headed ogre barely misses you. You block the yak's attack.
You sock the yak!
The yak is heavily wounded.
The yak gores you but does no damage.
The two-headed ogre hits you but does no damage.
The two-headed ogre hits you with a +0 giant spiked club!
You gain the combat prowess of a mighty hero.
You can no longer speed up your combat.
The yak gores you!
* * * LOW HITPOINT WARNING * * *
You hit the yak.
The yak is severely wounded.
You block the two-headed ogre's attack.
The two-headed ogre completely misses you.
The yak gores you but does no damage.
You closely miss the yak.
The yak is severely wounded.
The yak gores you but does no damage. The two-headed ogre barely misses you.
The two-headed ogre hits you but does no damage.
You hit the yak.
The yak is severely wounded.
The yak gores you but does no damage.
You hit the yak but do no damage.
The yak is severely wounded.
The two-headed ogre hits you with a +0 giant club!
* * * LOW HITPOINT WARNING * * *
The two-headed ogre hits you but does no damage.
You bludgeon the yak!!
You kill the yak!
Okawaru accepts your kill.
You can now speed up your combat.
The two-headed ogre attacks as it pursues you!
The two-headed ogre hits you with a +0 giant club!
You die...

#......# #..#
######.....
######## #.##
#...... ##.#
#..#..# #..#
#.PP..# #.##
#..P.P. #.#
##PP_..) #.#
###..PP.P.
#.#######)........
#@##......########
#†O..###### ######


You could see a two-headed ogre.

Vanquished Creatures
  Erica (D:8)
  Pikel (D:4)
  The ghost of Kurtz the Cleaver, a novice OpFi of Okawaru (D:5)
  Grinder (D:2)
  Prince Ribbit (D:5)
  Sigmund (D:5)
  2 wyverns
  5 yaks
  The ghost of Hubris850 the Covert, an amateur SpBr of Sif Muna (D:4)
  Edmund (D:6)
  Menkaure (D:4)
  A water moccasin (D:8)
  2 black bears
  An ice beast (D:6)
  2 sky beasts (D:6)
  An orc warrior (D:8)
  An ogre (D:5)
  A centaur (D:8)
  3 lemures
  2 phantoms
  Blork the orc (D:5)
  2 bullfrogs
  3 scorpions
  4 wights (D:6)
  A howler monkey (D:6)
  5 orc priests
  2 jellies (D:6)
  4 hounds
  2 gnoll boudas
  3 iguanas
  7 orc wizards
  11 gnolls
  14 adders
  A shadow imp (D:3)
  A white imp (D:6)
  An ufetubus (D:6)
  2 worms (D:2)
  A dart slug (D:1)
  22 orcs
  6 endoplasms
  2 giant cockroaches
  10 goblins
  11 hobgoblins
  5 quokkas
  9 ball pythons
  2 bats
  2 frilled lizards (D:1)
  8 kobolds
  10 rats
182 creatures vanquished.

Notes
Turn   | Place    | Note
-------+----------+-------------------------------------------
     0 | D:1      | Dittersdorf the Gargoyle Fighter began the quest for the
                  | Orb.
     0 | D:1      | Reached XP level 1. HP: 14/14 MP: 1/1
    52 | D:1      | Reached XP level 2. HP: 19/19 MP: 2/2
   279 | D:1      | Found a faded altar of an unknown god.
   494 | D:1      | Reached XP level 3. HP: 23/23 MP: 3/3
   698 | D:1      | Found Misunwiu's Assorted Antiques.
   901 | D:2      | Reached XP level 4. HP: 27/29 MP: 4/4
  1218 | D:2      | Found a shimmering altar of Xom.
  2115 | D:3      | Noticed Grinder
  2222 | D:2      | Reached XP level 5. HP: 20/33 MP: 5/5
  2336 | D:2      | Paralysed by Grinder for 3 turns
  2341 | D:2      | Paralysed by Grinder for 4 turns
  2349 | D:2      | Killed Grinder
  2350 | D:2      | Reached XP level 6. HP: 29/40 MP: 6/6
  2702 | D:3      | Found a hide-covered altar of Uskayaw.
  2741 | D:3      | Found a shimmering blue altar of Sif Muna.
  2892 | D:4      | Reached skill level 5 in Fighting
  2905 | D:4      | Reached skill level 5 in Armour
  2905 | D:4      | Reached skill level 5 in Shields
  2916 | D:4      | Reached XP level 7. HP: 17/44 MP: 7/7
  3340 | D:4      | Noticed Hubris850's ghost (amateur SpBr)
  3344 | D:4      | Found a runed translucent door.
  3360 | D:4      | Found a staircase to the Ecumenical Temple.
  3373 | Temple   | Entered the Ecumenical Temple
  3386 | Temple   | Became a worshipper of Warmaster Okawaru
  3617 | D:4      | Noticed Menkaure
  3624 | D:4      | Killed Menkaure
  3813 | D:5      | Entered Level 5 of the Dungeon
  3870 | D:5      | Reached XP level 8. HP: 45/51 MP: 8/8
  4200 | D:5      | Noticed Pikel
  4298 | D:4      | HP: 2/51 [Pikel/+0 whip of flaming (1)]
  4299 | D:4      | Killed Pikel
  4299 | D:4      | Reached * piety under Okawaru
  4300 | D:4      | Reached skill level 5 in Maces & Flails
  4544 | D:5      | Noticed Sigmund
  4555 | D:5      | Killed Sigmund
  4581 | D:5      | Found a blossoming altar of Fedhas.
  4628 | D:5      | Reached XP level 9. HP: 33/56 MP: 9/9
  4770 | D:5      | Noticed Prince Ribbit
  4789 | D:5      | Killed Prince Ribbit
  4948 | D:5      | Noticed Blork the orc
  4958 | D:5      | Killed Blork the orc
  5019 | D:5      | Found a runed translucent door.
  5020 | D:5      | Noticed Kurtz's ghost (novice OpFi)
  5316 | D:6      | Noticed Edmund
  5327 | D:6      | Killed Edmund
  5327 | D:6      | Reached ** piety under Okawaru
  6311 | D:4      | Killed Hubris850's ghost
  6312 | D:4      | Reached XP level 10. HP: 65/65 MP: 7/10
  6384 | D:5      | Killed Kurtz's ghost
  6735 | D:7      | Found an opulent altar of Gozag.
  7958 | D:8      | Noticed Erica
  7959 | D:8      | Found a runed translucent door.
  7973 | D:8      | Killed Erica
  7973 | D:8      | Reached *** piety under Okawaru
  8324 | D:8      | Noticed a two-headed ogre
  8343 | D:7      | HP: 2/66 [wyvern (9)]
  8350 | D:7      | Reached **** piety under Okawaru
  8828 | D:5      | HP: 1/66 [two-headed ogre/+0 giant club (11)]
  8830 | D:5      | Mangled by a two-headed ogre

Illustrated notes

Levels and vault maps discovered:
D:1:      minmay_arrival_four_houses, layout_loops_cross, serial_shops,
          nicolae_lakefront_shop, basic_ecumenical_altar
D:2:      layout_basic, basic_altar, kennysheep_potato
D:3:      layout_loops_cross, mainiacjoe_overflow_two_lobes,
          palyth_stone_intersect, uniq_grinder
D:4:      layout_rooms, temple_pool_b, hellmonk_ghost_happy_afterlife,
          minmay_quadrilaterals, uniq_menkaure
D:5:      layout_rooms, fedhas_altar_3, ebering_ghost_reflecting_pool,
          uniq_pikel, uniq_blork_the_orc, uniq_sigmund, uniq_prince_ribbit1
D:6:      layout_gridville, nicolae_half_adder, uniq_edmund
D:7:      layout_layer_cave, grunt_gozag_breadcrumbs,
          chequers_serial_rivers_micro_a
D:8:      layout_rooms, minmay_lair_entry_grove, lightli_church_of_beogh,
          uniq_erica
Temple:   minmay_crystal_spiral_temple

Skill      XL: |  1  2  3  4  5  6  7  8  9 10 |
---------------+-------------------------------+-----
Fighting       | 4 5 6 8 9 |  9.4
Armour         | 4 5 6 8 9 |  9.3
Shields        | 4 5 6 8 9 |  9.3
Maces & Flails | 3 4 5 7 8 |  8.2

Action                     |  1- 3 |  4- 6 |  7- 9 | 10-12 || total
---------------------------+-------+-------+-------+-------++-------
  Melee: Flail             |   112 |   123 |   354 |   162 ||   751
 Invoke: Heroism           |       |       |     2 |     3 ||     5
    Use: Scroll            |       |     1 |     3 |     8 ||    12
         Potion            |       |       |       |     1 ||     1
 Armour: Scale mail        |    59 |   106 |    85 |       ||   250
         Chain mail        |       |       |   220 |   179 ||   399
  Dodge: Dodged            |    58 |    69 |   120 |    59 ||   306
  Block: Buckler           |    24 |    45 |    95 |    45 ||   209

Table legend: (Time is in decaauts)
 A = Elapsed time spent in this place.
 B = Non-inter-level travel time spent in this place.
 C = Inter-level travel time spent in this place.
 D = Time resting spent in this place.
 E = Time spent auto-exploring this place.
 F = Levels seen in this place.
 G = Mean time per level.
                   A        B        C        D        E       F      G
               +--------+--------+--------+--------+--------+-----+--------+
         Total |   8985 |   8284 |    701 |   1561 |   4917 |   9 |  998.3 |
       Dungeon |   8959 |   8282 |    677 |   1561 |   4917 |   8 | 1119.9 |
        Temple |     26 |      2 |     24 |      0 |      0 |   1 |   26.0 |
               +--------+--------+--------+--------+--------+-----+--------+

Top non-repeatable levels by time:
     D:7: 1839 daAuts
     D:4: 1574 daAuts
     D:2: 1241 daAuts
     D:6: 1233 daAuts
     D:5: 1005 daAuts
     D:1: 850 daAuts
     D:3: 846 daAuts
     D:8: 367 daAuts
  Temple: 26 daAuts
